[ AOE2 MATCH · #462998524 ]
Team RMSaracens vs Goths
Player's team · WIN
[ REPLAY ANALYSIS · EXTRACTED FROM THE RECORDED GAME ]
Feudal
11:22
Castle
17:16
Imperial
36:05
| APM avg | 35.1 |
| APM peak | 68 |
| eAPM avg | 15.6 |
| Villagers / military | 176 / 306 |
Focus
⚔️ 26.8% · 🌾 73.2%
Scout Cavalry ×189 · Mameluke ×111 · Trade Cart ×30 · Trebuchet (Packed) ×6
Feudal
12:13
Castle
16:45
Imperial
37:19
| APM avg | 37.5 |
| APM peak | 123 |
| eAPM avg | 23.2 |
| Villagers / military | 147 / 725 |
Focus
⚔️ 35.1% · 🌾 64.9%
Spearman ×451 · Skirmisher ×149 · Militia ×80 · Bombard Cannon ×32 · Trebuchet (Packed) ×6 · Mangonel ×3
Feudal
11:26
Castle
26:01
Imperial
45:52
| APM avg | 23.0 |
| APM peak | 57 |
| eAPM avg | 13.8 |
| Villagers / military | 156 / 155 |
Focus
⚔️ 22.3% · 🌾 77.7%
Mangudai ×83 · Steppe Lancer ×44 · Trade Cart ×23 · Scorpion ×16 · Battering Ram ×6 · Scout Cavalry ×5
Feudal
31:26
Castle
—
Imperial
—
| APM avg | 9.8 |
| APM peak | 39 |
| eAPM avg | 4.8 |
| Villagers / military | 47 / 7 |
Focus
⚔️ 43.8% · 🌾 56.2%
Scout Cavalry ×4 · Spearman ×3
Feudal
11:36
Castle
15:13
Imperial
30:30
| APM avg | 37.8 |
| APM peak | 103 |
| eAPM avg | 18.8 |
| Villagers / military | 120 / 371 |
Focus
⚔️ 37.4% · 🌾 62.6%
Scout Cavalry ×212 · Scorpion ×148 · Trade Cart ×27 · Knight ×5 · Monk ×3 · Mangonel ×3
Feudal
30:00
Castle
47:03
Imperial
—
| APM avg | 28.7 |
| APM peak | 100 |
| eAPM avg | 11.0 |
| Villagers / military | 141 / 50 |
Focus
⚔️ 12.8% · 🌾 87.2%
Spearman ×37 · Longbowman ×13 · Trade Cart ×9
Feudal
12:03
Castle
18:50
Imperial
34:08
| APM avg | 19.5 |
| APM peak | 56 |
| eAPM avg | 10.7 |
| Villagers / military | 123 / 300 |
Focus
⚔️ 31.0% · 🌾 69.0%
Woad Raider ×210 · Skirmisher ×60 · Knight ×15 · Mangonel ×13 · Trebuchet (Packed) ×2
Feudal
—
Castle
—
Imperial
—
| APM avg | 20.8 |
| APM peak | 58 |
| eAPM avg | 15.2 |
| Villagers / military | 190 / 202 |
Focus
⚔️ 40.8% · 🌾 59.2%
Spearman ×103 · Longbowman ×64 · Skirmisher ×19 · Battering Ram ×7 · Trebuchet (Packed) ×6 · Monk ×3
Match map
Initial resources + every placement click. Lines = walls · curves = elevation contours. ◆ gold · ⬟ stone · ● berries · ✦ relic · ◌ wall gap
Your base· Open — unwalled flank
Mario's base· Open — 6t gap
Barut Osman's base· Open — 9t gap
martin1215's base· Open — unwalled flank
Ph.D.(c) Raw_of_Dog's base· Open — unwalled flank
WhoIsTheCOON's base· Open — unwalled flank
Julian's base· ✓ Closed at 18:50 · 31t walls · 5 gate(s)
Philippe6390's base· Open — unwalled flank
Smoothed initial terrain · ◌ = detected wall gap · hover for details
Inputs per minute
— Dr. Snorlax - - Mario
Build order — Dr. Snorlax
First 150 of 414 actions detected
| 0:12 | Create | Villager (Male) ×4 |
| 0:12 | Create | Villager (Male) ×4 |
| 0:17 | Build | House |
| 0:19 | Build | House |
| 1:49 | Create | Villager (Male) |
| 1:49 | Create | Villager (Male) |
| 2:10 | Build | Lumber Camp |
| 2:10 | Create | Villager (Male) |
| 2:33 | Build | House |
| 2:52 | Create | Villager (Male) |
| 2:52 | Create | Villager (Male) |
| 2:54 | Create | Villager (Male) |
| 3:22 | Create | Villager (Male) |
| 3:55 | Create | Villager (Male) |
| 3:55 | Create | Villager (Male) |
| 4:20 | Build | House |
| 4:25 | Create | Villager (Male) |
| 4:25 | Create | Villager (Male) |
| 4:53 | Create | Villager (Male) |
| 4:53 | Create | Villager (Male) |
| 5:00 | Create | Villager (Male) |
| 5:00 | Create | Villager (Male) |
| 5:14 | Create | Villager (Male) |
| 5:14 | Create | Villager (Male) |
| 5:30 | Build | House |
| 5:35 | Build | Palisade Gate |
| 5:43 | Create | Villager (Male) |
| 5:43 | Create | Villager (Male) |
| 6:14 | Create | Villager (Male) |
| 6:15 | Create | Villager (Male) |
| 6:30 | Create | Villager (Male) |
| 6:47 | Create | Villager (Male) |
| 6:48 | Create | Villager (Male) |
| 6:48 | Create | Villager (Male) |
| 7:24 | Build | Mill |
| 8:35 | Create | Villager (Male) |
| 8:35 | Create | Villager (Male) |
| 8:35 | Create | Villager (Male) |
| 8:47 | Research | Loom |
| 8:47 | Research | Feudal Age |
| 8:55 | Build | Mining Camp |
| 9:47 | Build | Barracks |
| 10:05 | Build | Palisade Wall |
| 11:22 | Age | Feudal Age |
| 11:26 | Build | Stable |
| 11:27 | Create | Villager (Male) |
| 11:27 | Create | Villager (Male) |
| 11:27 | Create | Villager (Male) |
| 11:53 | Build | Market |
| 12:27 | Build | Palisade Wall |
| 12:36 | Build | Palisade Wall |
| 13:05 | Build | Blacksmith |
| 13:25 | Build | Palisade Wall |
| 13:36 | Build | Mining Camp |
| 14:36 | Research | Castle Age |
| 17:13 | Build | House |
| 17:16 | Age | Castle Age |
| 17:19 | Create | Villager (Male) |
| 17:19 | Create | Villager (Male) |
| 17:19 | Create | Villager (Male) |
| 17:22 | Create | Villager (Male) |
| 17:35 | Create | Villager (Male) |
| 17:43 | Research | Double-Bit Axe |
| 17:46 | Research | Horse Collar |
| 17:48 | Build | Farm |
| 18:11 | Create | Villager (Male) |
| 18:11 | Create | Villager (Male) |
| 18:17 | Build | Farm |
| 18:18 | Build | Farm |
| 18:20 | Build | Farm |
| 18:31 | Build | Farm |
| 18:37 | Build | House |
| 18:52 | Create | Villager (Male) |
| 19:48 | Build | Castle |
| 19:54 | Build | Farm |
| 19:55 | Create | Villager (Male) |
| 19:55 | Create | Villager (Male) |
| 19:55 | Create | Villager (Male) |
| 20:17 | Build | Farm |
| 20:24 | Create | Villager (Male) |
| 20:34 | Build | Farm |
| 20:35 | Build | Farm |
| 20:36 | Build | Farm |
| 20:38 | Build | Mill |
| 20:38 | Build | Farm |
| 20:39 | Build | Farm |
| 20:39 | Build | Farm |
| 21:22 | Create | Mameluke |
| 21:35 | Build | Lumber Camp |
| 21:36 | Create | Villager (Male) |
| 21:36 | Create | Villager (Male) |
| 21:52 | Build | Mining Camp |
| 21:58 | Create | Mameluke |
| 22:00 | Create | Villager (Male) |
| 22:05 | Build | Farm |
| 22:21 | Create | Villager (Male) |
| 22:23 | Build | Farm |
| 22:33 | Create | Mameluke |
| 22:33 | Create | Mameluke |
| 22:52 | Build | Town Center |
| 23:04 | Create | Villager (Male) |
| 23:08 | Build | Farm |
| 23:09 | Build | Farm |
| 23:10 | Build | Farm |
| 23:35 | Create | Villager (Male) ×4 |
| 23:54 | Create | Villager (Male) |
| 23:54 | Create | Villager (Male) |
| 23:59 | Build | Farm |
| 24:00 | Build | Mill |
| 24:01 | Build | Farm |
| 24:01 | Build | Farm |
| 24:01 | Build | Farm |
| 24:02 | Build | Farm |
| 24:02 | Build | Farm |
| 24:02 | Build | Farm |
| 24:39 | Create | Mameluke |
| 24:39 | Create | Mameluke |
| 24:39 | Create | Mameluke |
| 24:39 | Create | Mameluke |
| 24:42 | Create | Villager (Male) |
| 24:42 | Create | Villager (Male) |
| 24:49 | Build | Town Center |
| 25:15 | Create | Villager (Male) ×3 |
| 25:16 | Create | Villager (Male) ×3 |
| 25:16 | Create | Villager (Male) ×3 |
| 25:23 | Build | Farm |
| 25:23 | Build | Farm |
| 25:23 | Build | Farm |
| 25:23 | Build | Farm |
| 26:59 | Create | Mameluke |
| 27:00 | Create | Mameluke |
| 27:00 | Create | Mameluke |
| 27:00 | Create | Mameluke |
| 27:31 | Create | Villager (Male) ×5 |
| 27:48 | Build | Town Center |
| 27:58 | Create | Villager (Male) ×5 |
| 28:00 | Create | Villager (Male) ×5 |
| 28:02 | Build | Farm |
| 28:02 | Build | Farm |
| 28:03 | Build | Farm |
| 28:03 | Build | Farm |
| 28:03 | Build | Farm |
| 28:03 | Build | Farm |
| 28:03 | Build | Farm |
| 28:04 | Build | Farm |
| 28:21 | Research | Husbandry |
| 28:22 | Research | Bloodlines |
| 29:22 | Build | Farm |
| 29:27 | Build | House |
| 29:28 | Build | House |
Build order — Mario
First 150 of 526 actions detected
| 0:01 | Create | Villager (Male) |
| 0:01 | Create | Villager (Male) |
| 0:01 | Create | Villager (Male) |
| 0:08 | Build | House |
| 0:09 | Build | House |
| 0:39 | Create | Villager (Male) |
| 1:40 | Create | Villager (Male) |
| 2:07 | Create | Villager (Male) |
| 2:28 | Create | Villager (Male) |
| 3:09 | Create | Villager (Male) |
| 3:09 | Create | Villager (Male) |
| 3:22 | Research | Loom |
| 3:24 | Create | Villager (Male) |
| 3:54 | Create | Villager (Male) |
| 3:54 | Create | Villager (Male) |
| 4:32 | Create | Villager (Male) |
| 4:32 | Create | Villager (Male) |
| 4:43 | Build | Mill |
| 4:58 | Build | House |
| 5:03 | Create | Villager (Male) |
| 5:49 | Build | Lumber Camp |
| 5:55 | Build | House |
| 6:00 | Create | Villager (Male) |
| 6:00 | Create | Villager (Male) |
| 6:01 | Create | Villager (Male) |
| 6:21 | Create | Villager (Male) |
| 6:21 | Create | Villager (Male) |
| 7:24 | Create | Villager (Male) |
| 8:23 | Create | Villager (Male) |
| 8:23 | Create | Villager (Male) |
| 8:29 | Build | House |
| 9:12 | Build | House |
| 9:25 | Create | Villager (Male) |
| 9:35 | Build | Mining Camp |
| 10:03 | Research | Feudal Age |
| 10:10 | Create | Villager (Male) |
| 10:10 | Create | Villager (Male) |
| 10:36 | Build | Palisade Wall |
| 11:23 | Build | Palisade Gate |
| 11:28 | Build | House |
| 11:46 | Build | Farm |
| 12:13 | Age | Feudal Age |
| 12:23 | Build | Market |
| 12:28 | Build | Blacksmith |
| 12:42 | Build | Farm |
| 12:57 | Create | Villager (Male) |
| 13:21 | Build | Lumber Camp |
| 13:31 | Build | Farm |
| 13:40 | Create | Villager (Male) |
| 13:49 | Build | Mining Camp |
| 13:59 | Research | Castle Age |
| 13:59 | Research | Castle Age |
| 14:07 | Build | Farm |
| 14:26 | Research | Double-Bit Axe |
| 14:54 | Create | Villager (Male) |
| 14:55 | Create | Villager (Male) |
| 15:34 | Build | Palisade Gate |
| 15:40 | Build | House |
| 15:42 | Build | House |
| 15:51 | Build | Barracks |
| 16:17 | Create | Villager (Male) |
| 16:45 | Age | Castle Age |
| 16:48 | Build | Town Center |
| 16:57 | Create | Villager (Male) |
| 16:57 | Create | Villager (Male) |
| 17:05 | Build | House |
| 17:06 | Build | House |
| 17:37 | Create | Villager (Male) |
| 18:02 | Build | Town Center |
| 18:08 | Create | Villager (Male) |
| 18:08 | Create | Villager (Male) |
| 18:08 | Create | Villager (Male) |
| 18:17 | Build | House |
| 18:18 | Build | House |
| 18:20 | Build | House |
| 18:55 | Create | Villager (Male) |
| 18:55 | Create | Villager (Male) |
| 18:56 | Create | Villager (Male) |
| 19:02 | Build | Farm |
| 19:04 | Create | Villager (Male) |
| 19:04 | Create | Villager (Male) |
| 19:05 | Create | Villager (Male) |
| 19:11 | Create | Villager (Male) |
| 19:19 | Build | Farm |
| 19:54 | Build | Siege Workshop |
| 20:02 | Research | Horse Collar |
| 20:08 | Build | Farm |
| 20:08 | Build | Farm |
| 20:09 | Build | Farm |
| 20:10 | Build | Farm |
| 20:10 | Build | Farm |
| 20:10 | Build | Farm |
| 20:10 | Build | Farm |
| 20:10 | Build | Farm |
| 20:11 | Build | Farm |
| 20:17 | Create | Villager (Male) |
| 20:43 | Build | Farm |
| 21:00 | Build | Farm |
| 21:07 | Build | Monastery |
| 21:34 | Create | Villager (Male) |
| 21:34 | Create | Villager (Male) |
| 21:34 | Create | Villager (Male) |
| 21:35 | Create | Villager (Male) |
| 21:46 | Build | Farm |
| 21:46 | Build | Farm |
| 21:47 | Build | Farm |
| 21:59 | Build | Farm |
| 21:59 | Build | Farm |
| 22:00 | Build | Farm |
| 22:02 | Create | Mangonel |
| 22:10 | Create | Militia |
| 22:10 | Create | Militia |
| 22:15 | Create | Villager (Male) |
| 22:15 | Create | Villager (Male) |
| 22:20 | Build | Farm |
| 22:22 | Create | Monk |
| 22:36 | Build | Farm |
| 22:39 | Create | Villager (Male) |
| 22:39 | Create | Villager (Male) |
| 22:48 | Create | Villager (Male) |
| 23:10 | Create | Villager (Male) |
| 23:10 | Create | Villager (Male) |
| 23:40 | Create | Villager (Male) |
| 23:40 | Create | Villager (Male) |
| 23:40 | Create | Villager (Male) |
| 23:41 | Create | Villager (Male) |
| 23:42 | Create | Villager (Male) |
| 23:55 | Build | Castle |
| 24:00 | Build | Barracks |
| 24:02 | Build | Barracks |
| 24:04 | Build | Barracks |
| 24:05 | Build | Barracks |
| 24:11 | Create | Villager (Male) ×3 |
| 24:26 | Build | Town Center |
| 24:30 | Create | Villager (Male) |
| 24:30 | Create | Villager (Male) |
| 24:31 | Create | Villager (Male) |
| 24:31 | Create | Villager (Male) |
| 24:51 | Build | Archery Range |
| 24:56 | Create | Mangonel |
| 25:09 | Build | Archery Range |
| 25:15 | Build | House |
| 25:17 | Build | House |
| 25:17 | Build | House |
| 25:26 | Create | Villager (Male) |
| 25:26 | Create | Villager (Male) |
| 25:27 | Create | Villager (Male) |
| 25:27 | Create | Villager (Male) |
| 25:27 | Create | Villager (Male) |
| 25:31 | Create | Skirmisher |
Build order — Barut Osman
First 150 of 418 actions detected
| 0:04 | Create | Villager (Male) |
| 0:04 | Create | Villager (Male) |
| 0:04 | Create | Villager (Male) |
| 0:04 | Create | Villager (Male) |
| 0:14 | Build | House |
| 0:16 | Build | House |
| 0:18 | Build | House |
| 1:53 | Create | Villager (Male) |
| 2:19 | Create | Villager (Male) |
| 2:54 | Create | Villager (Male) |
| 2:54 | Create | Villager (Male) |
| 3:13 | Build | Mill |
| 3:27 | Create | Villager (Male) |
| 3:56 | Create | Villager (Male) |
| 4:21 | Create | Villager (Male) |
| 5:05 | Create | Villager (Male) |
| 5:05 | Create | Villager (Male) |
| 5:06 | Create | Villager (Male) |
| 5:20 | Build | Lumber Camp |
| 5:34 | Create | Villager (Male) |
| 5:58 | Create | Villager (Male) |
| 5:58 | Create | Villager (Male) |
| 6:06 | Build | House |
| 6:08 | Build | House |
| 6:28 | Create | Villager (Male) |
| 6:28 | Create | Villager (Male) |
| 6:38 | Create | Villager (Male) |
| 8:07 | Create | Villager (Male) |
| 8:40 | Build | House |
| 8:44 | Build | House |
| 9:16 | Research | Feudal Age |
| 10:05 | Build | Palisade Wall |
| 10:28 | Create | Villager (Male) |
| 10:28 | Create | Villager (Male) |
| 10:52 | Build | Palisade Wall |
| 10:58 | Build | Palisade Wall |
| 11:26 | Age | Feudal Age |
| 11:40 | Research | Horse Collar |
| 11:40 | Research | Double-Bit Axe |
| 12:09 | Build | Mill |
| 12:23 | Build | Barracks |
| 12:29 | Build | Farm |
| 12:37 | Create | Villager (Male) |
| 12:37 | Create | Villager (Male) |
| 13:14 | Build | Farm |
| 14:02 | Research | Wheelbarrow |
| 14:03 | Research | Loom |
| 14:07 | Research | Wheelbarrow |
| 14:59 | Build | Palisade Gate |
| 15:01 | Build | Palisade Wall |
| 15:08 | Build | Palisade Wall |
| 15:14 | Build | House |
| 15:16 | Build | House |
| 15:37 | Build | Mining Camp |
| 15:47 | Research | Town Watch |
| 17:55 | Build | Town Center |
| 19:25 | Create | Villager (Male) ×5 |
| 19:32 | Build | Farm |
| 19:34 | Build | Farm |
| 19:36 | Build | Farm |
| 20:06 | Build | Farm |
| 20:07 | Build | Farm |
| 20:08 | Build | Farm |
| 20:26 | Build | Farm |
| 21:28 | Build | Blacksmith |
| 21:47 | Build | Stable |
| 21:56 | Build | Palisade Gate |
| 21:59 | Build | Palisade Wall |
| 22:06 | Create | Villager (Male) |
| 22:06 | Create | Villager (Male) |
| 22:08 | Create | Villager (Male) |
| 23:01 | Build | Archery Range |
| 23:06 | Build | House |
| 23:15 | Research | Castle Age |
| 23:37 | Build | Mining Camp |
| 24:31 | Create | Villager (Male) |
| 24:31 | Create | Villager (Male) |
| 24:46 | Build | Mill |
| 24:49 | Build | Farm |
| 24:51 | Build | Farm |
| 24:52 | Build | Farm |
| 24:55 | Build | Farm |
| 24:56 | Build | Farm |
| 24:57 | Build | Farm |
| 24:58 | Build | Farm |
| 25:01 | Build | Farm |
| 26:01 | Age | Castle Age |
| 26:03 | Build | Palisade Wall |
| 26:22 | Create | Steppe Lancer |
| 26:22 | Create | Steppe Lancer |
| 26:24 | Research | Husbandry |
| 26:29 | Research | Bloodlines |
| 26:29 | Research | Bloodlines |
| 26:41 | Research | Husbandry |
| 26:41 | Research | Bloodlines |
| 26:46 | Research | Squires |
| 26:46 | Research | Pikeman (upgrade) |
| 27:01 | Create | Villager (Male) |
| 27:02 | Create | Villager (Male) |
| 27:09 | Build | Town Center |
| 27:33 | Create | Villager (Male) |
| 28:03 | Create | Villager (Male) |
| 28:07 | Create | Villager (Male) |
| 28:26 | Create | Villager (Male) |
| 28:43 | Build | Mining Camp |
| 29:01 | Research | Bow Saw |
| 29:18 | Build | Farm |
| 29:19 | Build | Farm |
| 29:21 | Build | Farm |
| 29:24 | Build | Farm |
| 29:33 | Create | Villager (Male) |
| 29:35 | Create | Villager (Male) |
| 29:38 | Create | Villager (Male) |
| 29:39 | Create | Villager (Male) |
| 30:08 | Research | Heavy Plow |
| 30:26 | Create | Villager (Male) |
| 30:30 | Create | Villager (Male) |
| 30:50 | Create | Villager (Male) |
| 30:51 | Create | Villager (Male) |
| 31:25 | Build | Town Center |
| 31:36 | Create | Villager (Male) |
| 31:37 | Create | Villager (Male) |
| 31:39 | Create | Villager (Male) |
| 31:39 | Create | Villager (Male) |
| 31:39 | Create | Villager (Male) |
| 31:40 | Create | Villager (Male) |
| 32:00 | Build | Farm |
| 32:14 | Research | Stone Mining |
| 32:16 | Research | Gold Mining |
| 32:32 | Create | Villager (Male) |
| 32:33 | Create | Villager (Male) |
| 32:33 | Create | Villager (Male) |
| 32:38 | Create | Villager (Male) |
| 33:23 | Build | Mill |
| 33:25 | Build | Farm |
| 33:26 | Build | Farm |
| 33:26 | Build | Farm |
| 33:27 | Build | Farm |
| 33:28 | Build | Farm |
| 33:29 | Build | Farm |
| 33:31 | Build | Farm |
| 33:32 | Build | Farm |
| 33:38 | Create | Steppe Lancer ×5 |
| 33:45 | Create | Villager (Male) |
| 33:45 | Create | Villager (Male) |
| 33:54 | Build | Farm |
| 33:55 | Build | Farm |
| 33:58 | Build | Farm |
| 34:00 | Build | Farm |
| 34:08 | Create | Villager (Male) |
Build order — martin1215
85 actions detected in the replay
| 0:01 | Create | Villager (Male) |
| 0:17 | Create | Villager (Male) |
| 0:26 | Build | House |
| 0:32 | Research | Loom |
| 0:38 | Create | Villager (Male) |
| 0:39 | Create | Villager (Male) |
| 0:39 | Create | Villager (Male) |
| 2:11 | Create | Villager (Male) |
| 2:45 | Create | Villager (Male) |
| 3:15 | Create | Villager (Male) |
| 3:27 | Create | Villager (Male) |
| 3:42 | Build | House |
| 4:19 | Create | Villager (Male) |
| 4:41 | Create | Villager (Male) |
| 5:07 | Create | Villager (Male) |
| 5:36 | Create | Villager (Male) |
| 5:53 | Create | Villager (Male) |
| 6:15 | Build | House |
| 8:01 | Build | Town Center |
| 11:48 | Create | Villager (Male) |
| 11:48 | Create | Villager (Male) |
| 14:05 | Create | Villager (Male) |
| 14:31 | Create | Villager (Male) |
| 15:28 | Create | Villager (Male) |
| 16:34 | Create | Villager (Male) |
| 17:40 | Create | Villager (Male) |
| 18:15 | Create | Villager (Male) |
| 18:23 | Build | Mill |
| 18:57 | Build | Lumber Camp |
| 19:47 | Create | Villager (Male) |
| 20:11 | Create | Villager (Male) |
| 20:23 | Build | Farm |
| 20:26 | Build | Farm |
| 20:27 | Build | Farm |
| 20:28 | Build | Farm |
| 20:30 | Build | Farm |
| 20:45 | Create | Villager (Male) |
| 21:09 | Create | Villager (Male) |
| 21:29 | Create | Villager (Male) |
| 21:51 | Create | Villager (Male) |
| 22:21 | Build | House |
| 23:10 | Build | Farm |
| 23:18 | Build | Farm |
| 23:28 | Build | Farm |
| 24:41 | Create | Villager (Male) |
| 24:41 | Create | Villager (Male) |
| 24:41 | Create | Villager (Male) |
| 24:42 | Create | Villager (Male) |
| 24:42 | Create | Villager (Male) |
| 25:06 | Create | Villager (Male) |
| 25:39 | Create | Villager (Male) |
| 25:56 | Build | Lumber Camp |
| 26:18 | Create | Villager (Male) |
| 26:18 | Create | Villager (Male) |
| 26:28 | Create | Villager (Male) |
| 27:49 | Build | House |
| 28:42 | Create | Villager (Male) |
| 29:03 | Research | Feudal Age |
| 31:26 | Age | Feudal Age |
| 31:30 | Create | Villager (Male) |
| 31:30 | Create | Villager (Male) |
| 31:31 | Create | Villager (Male) |
| 31:41 | Build | Barracks |
| 31:52 | Build | Barracks |
| 32:36 | Build | Stable |
| 32:44 | Build | Farm |
| 32:50 | Build | Farm |
| 32:55 | Build | Farm |
| 33:14 | Create | Villager (Male) |
| 33:14 | Create | Villager (Male) |
| 33:14 | Create | Villager (Male) |
| 33:26 | Create | Scout Cavalry |
| 33:27 | Create | Scout Cavalry |
| 34:17 | Build | House |
| 34:18 | Build | House |
| 34:19 | Build | House |
| 34:28 | Create | Villager (Male) |
| 34:38 | Create | Villager (Male) |
| 34:42 | Create | Spearman |
| 35:21 | Create | Spearman |
| 35:22 | Create | Spearman |
| 35:26 | Create | Scout Cavalry |
| 35:27 | Create | Scout Cavalry |
| 36:14 | Build | House |
| 42:06 | Research | Double-Bit Axe |
Build order — Ph.D.(c) Raw_of_Dog
First 150 of 406 actions detected
| 0:10 | Create | Villager (Male) |
| 0:10 | Create | Villager (Male) |
| 0:10 | Create | Villager (Male) |
| 0:10 | Create | Villager (Male) |
| 0:12 | Build | House |
| 0:13 | Build | House |
| 1:35 | Create | Villager (Male) |
| 2:01 | Create | Villager (Male) |
| 2:06 | Build | Lumber Camp |
| 2:33 | Create | Villager (Male) |
| 3:02 | Create | Villager (Male) |
| 3:11 | Build | House |
| 3:19 | Create | Villager (Male) |
| 3:20 | Create | Villager (Male) |
| 3:32 | Build | House |
| 3:46 | Create | Villager (Male) |
| 3:46 | Create | Villager (Male) |
| 4:22 | Create | Villager (Male) |
| 4:22 | Create | Villager (Male) |
| 5:13 | Create | Villager (Male) |
| 5:13 | Create | Villager (Male) |
| 5:31 | Build | House |
| 5:35 | Create | Villager (Male) |
| 6:06 | Create | Villager (Male) |
| 6:07 | Create | Villager (Male) |
| 6:07 | Create | Villager (Male) |
| 6:08 | Create | Villager (Male) |
| 6:15 | Create | Villager (Male) |
| 6:16 | Create | Villager (Male) |
| 6:16 | Create | Villager (Male) |
| 6:16 | Create | Villager (Male) |
| 6:19 | Build | Mill |
| 6:23 | Create | Villager (Male) |
| 6:23 | Create | Villager (Male) |
| 6:42 | Create | Villager (Male) |
| 6:42 | Create | Villager (Male) |
| 6:52 | Create | Villager (Male) |
| 7:07 | Create | Villager (Male) |
| 7:07 | Create | Villager (Male) |
| 7:07 | Create | Villager (Male) |
| 7:33 | Create | Villager (Male) |
| 7:48 | Build | Mining Camp |
| 8:57 | Create | Villager (Male) |
| 8:57 | Create | Villager (Male) |
| 8:57 | Create | Villager (Male) |
| 8:57 | Create | Villager (Male) |
| 8:58 | Create | Villager (Male) |
| 8:58 | Create | Villager (Male) |
| 9:09 | Build | Mill |
| 9:19 | Research | Feudal Age |
| 10:02 | Create | Villager (Male) |
| 10:02 | Create | Villager (Male) |
| 11:36 | Age | Feudal Age |
| 12:01 | Research | Double-Bit Axe |
| 12:01 | Research | Double-Bit Axe |
| 12:04 | Research | Horse Collar |
| 12:33 | Research | Castle Age |
| 12:33 | Research | Castle Age |
| 13:14 | Build | Farm |
| 13:15 | Build | Farm |
| 13:18 | Build | Farm |
| 13:19 | Build | Farm |
| 13:22 | Build | Farm |
| 13:24 | Build | Farm |
| 13:25 | Build | Farm |
| 14:12 | Research | Gold Mining |
| 14:53 | Build | Farm |
| 15:05 | Build | Stable |
| 15:13 | Age | Castle Age |
| 15:14 | Build | House |
| 15:16 | Build | House |
| 15:40 | Research | Bow Saw |
| 15:40 | Research | Bow Saw |
| 15:49 | Create | Knight |
| 15:49 | Create | Knight |
| 15:50 | Create | Knight |
| 16:18 | Build | Blacksmith |
| 16:42 | Create | Villager (Male) |
| 16:43 | Create | Villager (Male) |
| 16:43 | Create | Villager (Male) |
| 17:52 | Create | Knight |
| 17:52 | Create | Knight |
| 18:20 | Create | Villager (Male) |
| 18:20 | Create | Villager (Male) |
| 18:21 | Create | Villager (Male) |
| 18:21 | Create | Villager (Male) |
| 18:32 | Build | Monastery |
| 18:34 | Build | Farm |
| 18:48 | Build | Town Center |
| 19:14 | Create | Villager (Male) |
| 19:14 | Create | Villager (Male) |
| 19:14 | Create | Villager (Male) |
| 19:48 | Create | Monk |
| 19:49 | Create | Monk |
| 19:56 | Create | Monk |
| 20:04 | Build | House |
| 20:05 | Build | House |
| 20:06 | Build | House |
| 20:10 | Build | Farm |
| 20:16 | Build | Lumber Camp |
| 20:32 | Build | Town Center |
| 20:42 | Create | Villager (Male) |
| 21:22 | Build | Siege Workshop |
| 21:51 | Create | Villager (Male) |
| 21:51 | Create | Villager (Male) |
| 21:51 | Create | Villager (Male) |
| 21:52 | Create | Villager (Male) |
| 21:52 | Create | Villager (Male) |
| 21:55 | Build | Farm |
| 21:57 | Build | Farm |
| 22:02 | Build | Farm |
| 22:05 | Create | Villager (Male) |
| 22:05 | Create | Villager (Male) |
| 22:05 | Create | Villager (Male) |
| 22:06 | Create | Villager (Male) |
| 23:03 | Create | Mangonel |
| 23:03 | Create | Mangonel |
| 23:24 | Build | Farm |
| 23:25 | Create | Villager (Male) |
| 23:26 | Create | Villager (Male) |
| 23:26 | Create | Villager (Male) |
| 23:26 | Create | Villager (Male) |
| 23:26 | Create | Villager (Male) |
| 23:27 | Create | Villager (Male) |
| 23:27 | Create | Villager (Male) |
| 23:27 | Create | Villager (Male) |
| 23:40 | Build | Mining Camp |
| 24:08 | Create | Mangonel |
| 24:43 | Build | Palisade Wall |
| 24:45 | Build | Palisade Wall |
| 26:22 | Build | Outpost |
| 26:23 | Build | Outpost |
| 26:34 | Build | Stone Wall |
| 26:49 | Build | Mining Camp |
| 26:54 | Build | Mining Camp |
| 27:13 | Build | Siege Workshop |
| 27:16 | Build | Siege Workshop |
| 27:17 | Build | Siege Workshop |
| 27:20 | Research | Imperial Age |
| 27:21 | Research | Loom |
| 27:21 | Research | Wheelbarrow |
| 27:28 | Build | Farm |
| 27:28 | Build | Farm |
| 27:28 | Build | Farm |
| 27:29 | Build | Farm |
| 27:29 | Build | Farm |
| 27:29 | Build | Farm |
| 27:29 | Build | Farm |
| 27:30 | Build | Farm |
| 28:28 | Build | Palisade Wall |
Build order — WhoIsTheCOON
First 150 of 342 actions detected
| 0:06 | Build | House |
| 0:10 | Create | Villager (Male) |
| 0:10 | Create | Villager (Male) |
| 0:11 | Create | Villager (Male) |
| 0:11 | Create | Villager (Male) |
| 0:34 | Build | House |
| 1:20 | Create | Villager (Male) |
| 1:37 | Build | Lumber Camp |
| 1:55 | Create | Villager (Male) |
| 1:55 | Create | Villager (Male) |
| 2:22 | Create | Villager (Male) |
| 2:22 | Create | Villager (Male) |
| 3:12 | Create | Villager (Male) |
| 3:12 | Create | Villager (Male) |
| 3:13 | Create | Villager (Male) |
| 3:46 | Create | Villager (Male) |
| 4:15 | Create | Villager (Male) |
| 4:27 | Build | House |
| 4:28 | Build | House |
| 5:38 | Create | Villager (Male) |
| 5:39 | Create | Villager (Male) |
| 6:10 | Create | Villager (Male) |
| 8:43 | Build | Town Center |
| 9:05 | Build | Mill |
| 11:09 | Research | Loom |
| 12:14 | Create | Villager (Male) |
| 12:14 | Create | Villager (Male) |
| 12:15 | Create | Villager (Male) |
| 12:15 | Create | Villager (Male) |
| 13:05 | Build | Town Center |
| 16:20 | Create | Villager (Male) |
| 16:21 | Create | Villager (Male) |
| 16:21 | Create | Villager (Male) |
| 16:22 | Create | Villager (Male) |
| 18:02 | Build | Mining Camp |
| 18:10 | Create | Villager (Male) |
| 18:10 | Create | Villager (Male) |
| 18:41 | Build | House |
| 18:42 | Build | House |
| 19:08 | Create | Villager (Male) |
| 19:58 | Create | Villager (Male) |
| 19:58 | Create | Villager (Male) |
| 20:39 | Build | Farm |
| 20:41 | Create | Villager (Male) |
| 20:49 | Build | Farm |
| 21:14 | Build | Farm |
| 21:26 | Build | Barracks |
| 21:33 | Create | Villager (Male) |
| 21:33 | Create | Villager (Male) |
| 21:52 | Create | Villager (Male) |
| 22:06 | Build | Farm |
| 22:21 | Create | Villager (Male) |
| 22:36 | Build | Farm |
| 22:39 | Create | Villager (Male) |
| 22:50 | Build | Farm |
| 22:52 | Create | Villager (Male) |
| 23:02 | Build | Barracks |
| 23:34 | Build | Farm |
| 23:36 | Create | Villager (Male) |
| 23:37 | Create | Villager (Male) |
| 24:09 | Build | Farm |
| 26:04 | Build | Town Center |
| 27:50 | Research | Feudal Age |
| 27:59 | Build | Farm |
| 28:04 | Build | Farm |
| 28:08 | Build | Farm |
| 28:14 | Build | Farm |
| 28:26 | Build | Mining Camp |
| 28:29 | Create | Villager (Male) |
| 28:36 | Build | Farm |
| 29:36 | Create | Villager (Male) |
| 30:00 | Age | Feudal Age |
| 30:03 | Create | Villager (Male) |
| 30:19 | Create | Villager (Male) |
| 30:30 | Build | Farm |
| 30:31 | Create | Villager (Male) |
| 30:58 | Build | Market |
| 31:01 | Create | Villager (Male) |
| 31:21 | Build | Farm |
| 31:24 | Create | Villager (Male) |
| 31:47 | Build | Farm |
| 31:50 | Create | Villager (Male) |
| 32:11 | Build | Farm |
| 32:13 | Create | Villager (Male) |
| 32:33 | Build | Blacksmith |
| 32:42 | Build | Farm |
| 32:44 | Create | Villager (Male) |
| 33:14 | Build | Farm |
| 33:22 | Build | House |
| 33:24 | Build | House |
| 33:27 | Build | House |
| 33:31 | Build | Farm |
| 33:33 | Create | Villager (Male) |
| 33:52 | Create | Villager (Male) |
| 34:22 | Build | Farm |
| 34:27 | Build | Farm |
| 34:29 | Create | Villager (Male) |
| 34:43 | Build | Barracks |
| 34:45 | Create | Villager (Male) |
| 34:54 | Create | Villager (Male) |
| 35:15 | Build | Lumber Camp |
| 35:33 | Build | Barracks |
| 35:38 | Create | Villager (Male) |
| 35:50 | Create | Spearman |
| 35:51 | Create | Spearman |
| 35:59 | Build | Farm |
| 36:00 | Create | Villager (Male) |
| 36:07 | Build | Barracks |
| 36:16 | Create | Spearman |
| 36:16 | Create | Spearman |
| 36:23 | Create | Villager (Male) |
| 36:38 | Create | Spearman |
| 36:38 | Create | Spearman |
| 37:42 | Create | Villager (Male) |
| 37:57 | Build | Watch Tower |
| 38:04 | Create | Villager (Male) |
| 38:04 | Create | Villager (Male) |
| 38:17 | Create | Villager (Male) |
| 38:27 | Create | Spearman |
| 38:27 | Create | Spearman |
| 38:39 | Create | Villager (Male) |
| 38:45 | Create | Spearman |
| 38:45 | Create | Spearman |
| 38:45 | Create | Spearman |
| 38:56 | Build | House |
| 39:07 | Create | Villager (Male) |
| 39:14 | Create | Spearman |
| 39:15 | Create | Spearman |
| 39:15 | Create | Spearman |
| 40:17 | Build | Farm |
| 40:20 | Build | House |
| 40:22 | Build | House |
| 40:23 | Build | House |
| 40:24 | Build | House |
| 40:27 | Create | Villager (Male) |
| 40:37 | Build | House |
| 40:59 | Create | Villager (Male) |
| 41:18 | Build | House |
| 41:19 | Build | House |
| 41:20 | Build | House |
| 41:23 | Build | House |
| 41:28 | Create | Villager (Male) |
| 41:34 | Build | Farm |
| 42:09 | Create | Villager (Male) |
| 42:27 | Create | Villager (Male) |
| 42:33 | Build | House |
| 42:35 | Build | House |
| 42:36 | Build | House |
| 42:37 | Build | House |
| 42:44 | Research | Castle Age |
Build order — Julian
First 150 of 359 actions detected
| 0:02 | Create | Villager (Male) |
| 0:02 | Create | Villager (Male) |
| 0:04 | Build | House |
| 0:05 | Build | House |
| 0:08 | Create | Villager (Male) |
| 0:08 | Create | Villager (Male) |
| 1:30 | Create | Villager (Male) |
| 1:45 | Build | Lumber Camp |
| 2:03 | Create | Villager (Male) |
| 2:46 | Create | Villager (Male) |
| 3:05 | Create | Villager (Male) |
| 3:09 | Research | Loom |
| 3:41 | Create | Villager (Male) |
| 3:42 | Create | Villager (Male) |
| 4:35 | Build | House |
| 4:52 | Create | Villager (Male) |
| 4:52 | Create | Villager (Male) |
| 4:56 | Build | Mill |
| 5:13 | Create | Villager (Male) |
| 5:44 | Create | Villager (Male) |
| 6:09 | Build | House |
| 6:11 | Build | House |
| 6:18 | Create | Villager (Male) |
| 6:36 | Create | Villager (Male) |
| 7:17 | Create | Villager (Male) |
| 7:30 | Create | Villager (Male) |
| 7:34 | Build | House |
| 7:39 | Build | House |
| 8:06 | Create | Villager (Male) |
| 8:14 | Build | Palisade Gate |
| 8:16 | Build | House |
| 8:17 | Build | House |
| 8:28 | Create | Villager (Male) |
| 8:54 | Create | Villager (Male) |
| 8:56 | Build | Mining Camp |
| 9:28 | Create | Villager (Male) |
| 9:42 | Build | Lumber Camp |
| 9:48 | Research | Feudal Age |
| 9:58 | Build | House |
| 10:03 | Build | House |
| 10:07 | Build | Barracks |
| 10:28 | Build | Palisade Gate |
| 10:33 | Build | Palisade Wall |
| 10:43 | Build | Palisade Gate |
| 10:48 | Build | Palisade Wall |
| 10:51 | Build | Palisade Wall |
| 11:11 | Build | Palisade Gate |
| 11:14 | Build | Palisade Wall |
| 11:21 | Build | Palisade Wall |
| 11:26 | Build | Palisade Gate |
| 11:46 | Create | Villager (Male) |
| 11:46 | Create | Villager (Male) |
| 11:46 | Create | Villager (Male) |
| 12:03 | Age | Feudal Age |
| 12:15 | Build | Market |
| 12:31 | Build | Blacksmith |
| 12:37 | Build | Palisade Wall |
| 12:43 | Build | Mining Camp |
| 12:58 | Create | Villager (Male) |
| 13:14 | Build | Palisade Gate |
| 13:21 | Build | House |
| 13:49 | Create | Villager (Male) |
| 13:59 | Build | House |
| 14:18 | Create | Villager (Male) |
| 14:30 | Build | Farm |
| 14:32 | Build | Farm |
| 14:33 | Build | Farm |
| 14:34 | Build | Farm |
| 14:40 | Build | Farm |
| 14:40 | Build | Farm |
| 14:40 | Build | Farm |
| 14:46 | Create | Villager (Male) |
| 15:09 | Create | Villager (Male) |
| 15:38 | Create | Villager (Male) |
| 15:45 | Build | Farm |
| 15:51 | Build | Farm |
| 16:10 | Research | Castle Age |
| 17:20 | Research | Double-Bit Axe |
| 17:23 | Research | Horse Collar |
| 17:46 | Build | Farm |
| 17:46 | Build | Farm |
| 17:46 | Build | Farm |
| 17:46 | Build | Farm |
| 17:49 | Build | Farm |
| 18:04 | Build | Stable |
| 18:05 | Build | Stable |
| 18:09 | Build | Stable |
| 18:14 | Create | Villager (Male) |
| 18:14 | Create | Villager (Male) |
| 18:14 | Create | Villager (Male) |
| 18:18 | Research | Stone Mining |
| 18:50 | Age | Castle Age |
| 18:56 | Build | Town Center |
| 19:01 | Create | Villager (Male) |
| 19:09 | Create | Knight |
| 19:10 | Create | Knight |
| 19:10 | Create | Knight |
| 19:23 | Build | Farm |
| 19:37 | Build | House |
| 19:38 | Build | House |
| 19:38 | Build | House |
| 19:39 | Build | House |
| 20:04 | Create | Knight |
| 20:04 | Create | Knight |
| 20:25 | Build | Castle |
| 20:31 | Create | Villager (Male) |
| 20:32 | Create | Villager (Male) |
| 20:58 | Research | Bow Saw |
| 21:01 | Create | Villager (Male) |
| 21:14 | Create | Villager (Male) |
| 21:22 | Create | Knight |
| 21:25 | Create | Villager (Male) |
| 21:25 | Create | Villager (Male) |
| 21:29 | Create | Villager (Male) |
| 21:38 | Build | Farm |
| 22:09 | Build | Town Center |
| 22:11 | Build | Mining Camp |
| 22:15 | Create | Villager (Male) |
| 22:15 | Create | Villager (Male) |
| 22:16 | Create | Villager (Male) |
| 22:30 | Build | Lumber Camp |
| 22:34 | Create | Knight ×2 |
| 22:34 | Create | Knight ×2 |
| 22:42 | Create | Villager (Male) |
| 22:43 | Create | Villager (Male) |
| 23:16 | Research | Scale Barding Armor |
| 23:33 | Create | Villager (Male) |
| 23:44 | Build | Farm |
| 23:45 | Build | Farm |
| 23:45 | Build | Farm |
| 23:50 | Create | Villager (Male) ×2 |
| 23:58 | Create | Villager (Male) |
| 24:07 | Build | Farm |
| 24:08 | Build | Farm |
| 24:13 | Create | Villager (Male) ×2 |
| 24:25 | Build | Mill |
| 24:27 | Build | Farm |
| 24:27 | Build | Farm |
| 24:27 | Build | Farm |
| 24:27 | Build | Farm |
| 24:28 | Build | Farm |
| 24:29 | Build | Farm |
| 24:29 | Build | Farm |
| 24:30 | Build | Farm |
| 24:34 | Build | Farm |
| 25:22 | Create | Villager (Male) |
| 25:22 | Create | Villager (Male) |
| 25:23 | Create | Villager (Male) |
| 25:23 | Create | Villager (Male) |
| 25:23 | Create | Villager (Male) |
Build order — Philippe6390
First 150 of 552 actions detected
| 0:08 | Research | Loom |
| 0:09 | Create | Villager (Male) |
| 0:09 | Create | Villager (Male) |
| 0:09 | Create | Villager (Male) |
| 0:09 | Create | Villager (Male) |
| 0:10 | Create | Villager (Male) |
| 0:10 | Create | Villager (Male) |
| 0:12 | Build | House |
| 0:13 | Build | House |
| 1:53 | Create | Villager (Male) |
| 1:53 | Create | Villager (Male) |
| 1:53 | Create | Villager (Male) |
| 2:07 | Create | Villager (Male) |
| 2:07 | Create | Villager (Male) |
| 2:34 | Create | Villager (Male) |
| 2:34 | Create | Villager (Male) |
| 2:46 | Create | Villager (Male) |
| 2:46 | Create | Villager (Male) |
| 3:18 | Create | Villager (Male) |
| 3:18 | Create | Villager (Male) |
| 3:19 | Create | Villager (Male) |
| 3:26 | Build | Palisade Wall |
| 4:05 | Create | Villager (Male) |
| 4:05 | Create | Villager (Male) |
| 4:16 | Build | House |
| 5:03 | Create | Villager (Male) |
| 5:04 | Create | Villager (Male) |
| 5:31 | Create | Villager (Male) |
| 5:32 | Create | Villager (Male) |
| 5:32 | Create | Villager (Male) |
| 5:32 | Create | Villager (Male) |
| 5:32 | Create | Villager (Male) |
| 5:49 | Create | Villager (Male) |
| 5:49 | Create | Villager (Male) |
| 5:58 | Build | Palisade Wall |
| 6:14 | Create | Villager (Male) |
| 6:15 | Create | Villager (Male) |
| 6:15 | Create | Villager (Male) |
| 6:20 | Build | Lumber Camp |
| 6:36 | Create | Villager (Male) |
| 6:36 | Create | Villager (Male) |
| 6:53 | Create | Villager (Male) |
| 6:54 | Create | Villager (Male) |
| 7:11 | Build | Palisade Wall |
| 7:19 | Build | House |
| 7:21 | Create | Villager (Male) |
| 7:21 | Create | Villager (Male) |
| 7:21 | Create | Villager (Male) |
| 7:21 | Create | Villager (Male) |
| 7:43 | Create | Villager (Male) |
| 7:43 | Create | Villager (Male) |
| 7:43 | Create | Villager (Male) |
| 8:05 | Build | House |
| 14:06 | Build | Town Center |
| 16:06 | Build | Mining Camp |
| 16:54 | Build | Lumber Camp |
| 17:08 | Create | Villager (Male) |
| 17:08 | Create | Villager (Male) |
| 17:09 | Create | Villager (Male) |
| 17:09 | Create | Villager (Male) |
| 17:24 | Build | Mill |
| 18:15 | Build | Farm |
| 18:32 | Build | Farm |
| 18:54 | Build | Farm |
| 19:09 | Build | Farm |
| 19:13 | Build | Farm |
| 19:16 | Build | Farm |
| 19:18 | Create | Villager (Male) |
| 19:19 | Create | Villager (Male) |
| 19:49 | Build | House |
| 19:52 | Build | Farm |
| 20:00 | Create | Villager (Male) |
| 20:06 | Build | Farm |
| 20:08 | Build | Farm |
| 20:11 | Build | Farm |
| 20:56 | Create | Villager (Male) |
| 20:56 | Create | Villager (Male) |
| 21:00 | Build | Farm |
| 21:01 | Build | Farm |
| 21:21 | Build | House |
| 21:24 | Build | House |
| 21:30 | Create | Villager (Male) |
| 21:31 | Create | Villager (Male) |
| 21:31 | Create | Villager (Male) |
| 22:01 | Build | Farm |
| 22:11 | Research | Feudal Age |
| 22:11 | Research | Feudal Age |
| 22:30 | Build | House |
| 22:33 | Build | House |
| 23:08 | Build | Palisade Wall |
| 23:22 | Build | Palisade Wall |
| 23:31 | Build | Palisade Wall |
| 23:34 | Build | Palisade Gate |
| 23:40 | Build | Palisade Wall |
| 24:17 | Build | Barracks |
| 24:27 | Build | House |
| 24:29 | Create | Villager (Male) |
| 24:29 | Create | Villager (Male) |
| 24:30 | Create | Villager (Male) |
| 24:30 | Create | Villager (Male) |
| 24:35 | Research | Double-Bit Axe |
| 26:20 | Create | Villager (Male) |
| 26:20 | Create | Villager (Male) |
| 26:24 | Build | Market |
| 26:29 | Build | Blacksmith |
| 26:37 | Build | Palisade Wall |
| 27:28 | Build | Archery Range |
| 27:53 | Research | Castle Age |
| 28:17 | Create | Spearman |
| 28:17 | Create | Spearman |
| 28:18 | Create | Spearman |
| 28:54 | Create | Villager (Male) |
| 28:54 | Create | Villager (Male) |
| 28:58 | Create | Spearman |
| 28:58 | Create | Spearman |
| 30:37 | Build | Town Center |
| 30:40 | Build | Town Center |
| 30:45 | Research | Wheelbarrow |
| 30:51 | Build | Barracks |
| 31:00 | Build | Siege Workshop |
| 31:02 | Research | Pikeman (upgrade) |
| 31:03 | Create | Spearman |
| 31:03 | Create | Spearman |
| 31:03 | Create | Spearman |
| 31:25 | Create | Villager (Male) |
| 31:25 | Create | Villager (Male) |
| 31:25 | Create | Villager (Male) |
| 31:27 | Create | Villager (Male) |
| 31:33 | Create | Villager (Male) |
| 31:33 | Create | Villager (Male) |
| 31:34 | Create | Villager (Male) |
| 31:34 | Create | Villager (Male) |
| 31:35 | Create | Villager (Male) |
| 31:35 | Create | Villager (Male) |
| 31:42 | Create | Battering Ram |
| 31:42 | Create | Battering Ram |
| 31:47 | Build | House |
| 31:51 | Create | Spearman |
| 31:52 | Create | Spearman |
| 31:52 | Create | Spearman |
| 32:00 | Build | House |
| 32:08 | Create | Spearman |
| 32:08 | Create | Spearman |
| 32:11 | Create | Villager (Male) |
| 32:12 | Create | Villager (Male) |
| 32:29 | Build | House |
| 32:35 | Create | Battering Ram |
| 32:36 | Create | Battering Ram |
| 32:36 | Create | Battering Ram |
| 32:44 | Create | Villager (Male) |
Match timeline
| 3:26 | Philippe6390 · wall_segment Palisade Wall x6 |
| 5:58 | Philippe6390 · wall_segment Palisade Wall x4 |
| 7:11 | Philippe6390 · wall_segment Palisade Wall x4 |
| 9:47 | Dr. Snorlax · first_building Barracks |
| 10:05 | Dr. Snorlax · wall_segment Palisade Wall x1 |
| 10:05 | Barut Osman · wall_segment Palisade Wall x4 |
| 10:07 | Julian · first_building Barracks |
| 10:33 | Julian · wall_segment Palisade Wall x9 |
| 10:36 | Mario · wall_segment Palisade Wall x11 |
| 10:48 | Julian · wall_segment Palisade Wall x3 |
| 10:51 | Julian · wall_segment Palisade Wall x6 |
| 10:52 | Barut Osman · wall_segment Palisade Wall x4 |
| 10:58 | Barut Osman · wall_segment Palisade Wall x4 |
| 11:14 | Julian · wall_segment Palisade Wall x5 |
| 11:21 | Julian · wall_segment Palisade Wall x8 |
| 11:22 | Dr. Snorlax · age_up feudal |
| 11:26 | Barut Osman · age_up feudal |
| 11:26 | Dr. Snorlax · first_building Stable |
| 11:36 | Ph.D.(c) Raw_of_Dog · age_up feudal |
| 12:03 | Julian · age_up feudal |
| 12:13 | Mario · age_up feudal |
| 12:23 | Barut Osman · first_building Barracks |
| 12:27 | Dr. Snorlax · wall_segment Palisade Wall x1 |
| 12:36 | Dr. Snorlax · wall_segment Palisade Wall x8 |
| 12:37 | Julian · wall_segment Palisade Wall x1 |
| 13:25 | Dr. Snorlax · wall_segment Palisade Wall x1 |
| 14:47 | Dr. Snorlax · tribute_sent a jugador 1 |
| 14:47 | Dr. Snorlax · tribute_sent a jugador 2 |
| 14:47 | Dr. Snorlax · tribute_sent a jugador 3 |
| 14:47 | Dr. Snorlax · tribute_sent a jugador 4 |
| 14:47 | Dr. Snorlax · tribute_sent a jugador 5 |
| 14:47 | Dr. Snorlax · tribute_sent a jugador 7 |
| 14:47 | Dr. Snorlax · tribute_sent a jugador 8 |
| 15:01 | Barut Osman · wall_segment Palisade Wall x6 |
| 15:05 | Ph.D.(c) Raw_of_Dog · first_building Stable |
| 15:08 | Barut Osman · wall_segment Palisade Wall x3 |
| 15:13 | Ph.D.(c) Raw_of_Dog · age_up castle |
| 15:51 | Mario · first_building Barracks |
| 16:45 | Mario · age_up castle |
| 17:16 | Dr. Snorlax · age_up castle |
| 18:04 | Julian · first_building Stable |
| 18:32 | Ph.D.(c) Raw_of_Dog · first_building Monastery |
| 18:50 | Julian · age_up castle |
| 19:48 | Dr. Snorlax · first_building Castle |
| 19:54 | Mario · first_building Siege Workshop |
| 20:25 | Julian · first_building Castle |
| 21:07 | Mario · first_building Monastery |
| 21:22 | Ph.D.(c) Raw_of_Dog · first_building Siege Workshop |
| 21:26 | WhoIsTheCOON · first_building Barracks |
| 21:47 | Barut Osman · first_building Stable |
| 21:59 | Barut Osman · wall_segment Palisade Wall x2 |
| 22:48 | Dr. Snorlax · first_market_buy 100 wood |
| 23:01 | Barut Osman · first_building Archery Range |
| 23:08 | Philippe6390 · wall_segment Palisade Wall x6 |
| 23:22 | Philippe6390 · wall_segment Palisade Wall x7 |
| 23:31 | Philippe6390 · wall_segment Palisade Wall x11 |
| 23:40 | Philippe6390 · wall_segment Palisade Wall x5 |
| 23:55 | Mario · first_building Castle |
| 24:17 | Philippe6390 · first_building Barracks |
| 24:43 | Ph.D.(c) Raw_of_Dog · wall_segment Palisade Wall x1 |
| 24:45 | Ph.D.(c) Raw_of_Dog · wall_segment Palisade Wall x1 |
| 24:51 | Mario · first_building Archery Range |
| 26:01 | Barut Osman · age_up castle |
| 26:03 | Barut Osman · wall_segment Palisade Wall x2 |
| 26:34 | Ph.D.(c) Raw_of_Dog · wall_segment Stone Wall x1 |
| 26:37 | Philippe6390 · wall_segment Palisade Wall x1 |
| 27:28 | Philippe6390 · first_building Archery Range |
| 28:28 | Ph.D.(c) Raw_of_Dog · wall_segment Palisade Wall x2 |
| 28:30 | Ph.D.(c) Raw_of_Dog · wall_segment Palisade Wall x2 |
| 30:00 | WhoIsTheCOON · age_up feudal |
| 30:14 | Dr. Snorlax · tribute_sent a jugador 1 |
| 30:14 | Dr. Snorlax · tribute_sent a jugador 2 |
| 30:14 | Dr. Snorlax · tribute_sent a jugador 3 |
| 30:14 | Dr. Snorlax · tribute_sent a jugador 4 |
| 30:14 | Dr. Snorlax · tribute_sent a jugador 5 |
| 30:14 | Dr. Snorlax · tribute_sent a jugador 7 |
| 30:14 | Dr. Snorlax · tribute_sent a jugador 8 |
| 30:17 | Ph.D.(c) Raw_of_Dog · wall_segment Stone Wall x2 |
| 30:23 | Ph.D.(c) Raw_of_Dog · wall_segment Stone Wall x13 |
| 30:30 | Ph.D.(c) Raw_of_Dog · age_up imperial |
| 31:00 | Philippe6390 · first_building Siege Workshop |
| 31:09 | Ph.D.(c) Raw_of_Dog · tribute_sent a jugador 1 |
| 31:09 | Ph.D.(c) Raw_of_Dog · tribute_sent a jugador 2 |
| 31:09 | Ph.D.(c) Raw_of_Dog · tribute_sent a jugador 3 |
| 31:09 | Ph.D.(c) Raw_of_Dog · tribute_sent a jugador 5 |
| 31:09 | Ph.D.(c) Raw_of_Dog · tribute_sent a jugador 6 |
| 31:09 | Ph.D.(c) Raw_of_Dog · tribute_sent a jugador 7 |
| 31:09 | Ph.D.(c) Raw_of_Dog · tribute_sent a jugador 8 |
| 31:26 | martin1215 · age_up feudal |
| 31:41 | martin1215 · first_building Barracks |
| 32:36 | martin1215 · first_building Stable |
| 33:04 | Julian · first_building Siege Workshop |
| 33:29 | Ph.D.(c) Raw_of_Dog · wall_segment Stone Wall x11 |
| 33:29 | Ph.D.(c) Raw_of_Dog · wall_segment Stone Wall x1 |
| 34:02 | Mario · first_market_sell 500 wood |
| 34:08 | Julian · age_up imperial |
| 36:05 | Dr. Snorlax · age_up imperial |
| 36:19 | Ph.D.(c) Raw_of_Dog · first_building Castle |
| 36:38 | Ph.D.(c) Raw_of_Dog · first_market_buy 500 wood |
| 36:41 | Julian · first_building Archery Range |
| 36:53 | Barut Osman · first_building Castle |
| 37:19 | Mario · age_up imperial |
| 40:11 | Dr. Snorlax · wall_segment Stone Wall x4 |
| 41:06 | Philippe6390 · first_building Castle |
| 41:24 | Dr. Snorlax · wall_segment Stone Wall x1 |
| 41:31 | Philippe6390 · first_market_buy 100 wood |
| 42:41 | Dr. Snorlax · tribute_sent a jugador 1 |
| 42:41 | Dr. Snorlax · tribute_sent a jugador 2 |
| 42:41 | Dr. Snorlax · tribute_sent a jugador 3 |
| 42:41 | Dr. Snorlax · tribute_sent a jugador 4 |
| 42:41 | Dr. Snorlax · tribute_sent a jugador 5 |
| 42:41 | Dr. Snorlax · tribute_sent a jugador 7 |
| 42:41 | Dr. Snorlax · tribute_sent a jugador 8 |
| 42:56 | Barut Osman · first_building Siege Workshop |
| 44:17 | Dr. Snorlax · first_market_sell 500 food |
| 45:30 | Philippe6390 · first_building Monastery |
| 45:52 | Barut Osman · age_up imperial |
| 46:44 | Barut Osman · first_building Monastery |
| 46:56 | Philippe6390 · first_market_sell 100 stone |
| 47:03 | WhoIsTheCOON · age_up castle |
| 47:52 | Philippe6390 · wall_segment Palisade Wall x21 |
| 49:00 | Barut Osman · first_market_sell 500 food |
| 49:34 | Philippe6390 · wall_segment Palisade Wall x16 |
| 52:30 | WhoIsTheCOON · first_building Castle |
| 54:11 | Philippe6390 · wall_segment Palisade Wall x22 |
| 55:05 | Philippe6390 · wall_segment Stone Wall x8 |
| 55:36 | Ph.D.(c) Raw_of_Dog · tribute_sent a jugador 1 |
| 55:36 | Ph.D.(c) Raw_of_Dog · tribute_sent a jugador 2 |
| 55:36 | Ph.D.(c) Raw_of_Dog · tribute_sent a jugador 3 |
| 55:36 | Ph.D.(c) Raw_of_Dog · tribute_sent a jugador 5 |
| 55:36 | Ph.D.(c) Raw_of_Dog · tribute_sent a jugador 6 |
| 55:36 | Ph.D.(c) Raw_of_Dog · tribute_sent a jugador 7 |
| 55:36 | Ph.D.(c) Raw_of_Dog · tribute_sent a jugador 8 |
| 59:38 | Ph.D.(c) Raw_of_Dog · wall_segment Stone Wall x12 |
| 62:20 | Barut Osman · tribute_sent a jugador 1 |
| 62:20 | Barut Osman · tribute_sent a jugador 3 |
| 62:20 | Barut Osman · tribute_sent a jugador 4 |
| 62:20 | Barut Osman · tribute_sent a jugador 5 |
| 62:20 | Barut Osman · tribute_sent a jugador 6 |
| 62:20 | Barut Osman · tribute_sent a jugador 7 |
| 62:20 | Barut Osman · tribute_sent a jugador 8 |
| 63:46 | Ph.D.(c) Raw_of_Dog · wall_segment Stone Wall x1 |
| 63:50 | Ph.D.(c) Raw_of_Dog · wall_segment Stone Wall x5 |
| 64:13 | Philippe6390 · wall_segment Palisade Wall x12 |
| 65:25 | Ph.D.(c) Raw_of_Dog · wall_segment Stone Wall x6 |
| 67:39 | Julian · resign |
[ AI ANALYSIS · 1 CREDIT ]
What really happened in this match?
Wolo.gg analyzes every decision: build order, eco, micro, common mistakes by bracket. Personalized analysis on WhatsApp or Discord in 30 seconds.
Civ guide
Saracens
Map guide
Oasis
Perfil
Jugador #3906176